 Dungeon Crawl Stone Soup version 0.28.0-47-ge53b351184 (webtiles) character file.

Game seed: 12615648460924961287

4291 101zpm the Thaumaturge (level 10, -3/55 HPs)
             Began as a Djinni Fire Elementalist on May 10, 2022.
             Was a Follower of Hepliaklqana.
             Shot with an arrow by a centaur (8 damage)
             ... on level 8 of the Dungeon.
             The game lasted 00:21:57 (13294 turns).

101zpm the Thaumaturge (Djinni Fire Elementalist)  Turns: 13294, Time: 00:21:58

Health: -3/55      AC:  8    Str: 13    XL:     10   Next: 57%
Gold:   412        EV: 12    Int: 22    God:    Hepliaklqana [*.....] SH:  0 Dex: 13

rFire   + + .      SeeInvis .   w - +7 trident of Mayhem {vorpal, rC+ Will+}
rCold   + . .      Faith    .   (no shield)
rNeg    . . .      Spirit   .   u - +3 leather armour {rF+}
rPois   ∞          Reflect  .   C - +0 helmet
rElec   .          Harm     .   (no cloak)
rCorr   .          Rampage  .   p - +0 pair of gloves
Will    ++...                   (boots unavailable)
Stlth   ++........              (no amulet)
HPRegen 0.18/turn               b - ring of ice
MPRegen 0.00/turn               e - +6 ring of strength

@: flying
A: reduced essence, sickness immunity, fire resistance 2, cold vulnerability 1,
float, innate caster, HP casting, extra vitality 1
a: Renounce Religion, Recall Ancestor, Ancestor Identity


You were on level 8 of the Dungeon.
You worshipped Hepliaklqana.
Hepliaklqana was aware of your devotion.
You visited 2 branches of the dungeon, and saw 10 of its levels.

You collected 412 gold pieces.

Inventory:

Hand Weapons
 g - a +2 short sword of speed
 q - a +1 whip of electrocution
 w - the +7 trident of Mayhem (weapon) {vorpal, rC+ Will+}
   (You found it on level 6 of the Dungeon)

   It inflicts extra damage upon your enemies.
   rC:        It protects you from cold.
   Will:      It increases your willpower.
Armour
 p - a +0 pair of gloves (worn)
 r - a +2 robe of fire resistance
 u - a +3 leather armour of fire resistance (worn)
 C - a +0 helmet (worn)
Jewellery
 b - a ring of ice (left hand)
 c - a ring of fire
 e - a +6 ring of strength (right hand)
Wands
 A - a wand of digging (6)
Scrolls
 h - a scroll of brand weapon
 i - 4 scrolls of teleportation
 j - 2 scrolls of enchant armour
 l - 2 scrolls of noise
 n - 2 scrolls of blinking {unknown}
 t - a scroll of summoning {unknown}
 v - a scroll of amnesia {unknown}
 y - 2 scrolls of identify
 B - a scroll of fear {unknown}
 D - a scroll of silence {unknown}
Potions
 a - 5 potions of curing {unknown}
 d - a potion of flight {unknown}
 f - a potion of resistance {unknown}
 k - 3 potions of magic {unknown}
 m - 2 potions of might {unknown}
 o - a potion of brilliance {unknown}
 s - a potion of berserk rage {unknown}
 x - 3 potions of ambrosia {unknown}
 z - a potion of haste {unknown}


   Skills:
 + Level 1.2 Fighting
 + Level 2.0 Armour
 + Level 2.4 Dodging
 + Level 3.4 Stealth
 + Level 11.1 Spellcasting


You had 8 spell levels left.
You knew the following spells:

 Your Spells              Type           Power      Damage    Failure   Level
a - Foxfire               Conj/Fire      100%       2x1d9     1%          1
b - Scorch                Fire           100%       2d10      1%          2
c - Conjure Flame         Conj/Fire      57%        6-21      1%          3
d - Inner Flame           Hex/Fire       57%        N/A       1%          3
e - Flame Wave            Conj/Fire      57%        2d11      1%          4
f - Beastly Appendage     Tmut           100%       N/A       1%          1
g - Passwall              Tmut/Erth      47%        N/A       1%          2
h - Lesser Beckoning      Tloc           57%        N/A       1%          3
i - Animate Armour        Summ/Erth      100%       N/A       1%          4
Your spell library was empty.

Dungeon Overview and Level Annotations

Branches:
Dungeon (9/15)             Temple (1/1) D:4
   Lair: D:8-11         Orc: D:9-12

Altars:
Ashenzari
Cheibriados
Elyvilon
Fedhas
Hepliaklqana
Kikubaaqudgha
Makhleb
Okawaru
Qazlal
Ru
Sif Muna
Trog
Uskayaw
Vehumet
Wu Jian
Xom
Yredelemnul
Zin

Shops:
D:2 :

Annotations:
D:5 1 runed translucent door, Crazy Yiuf


Innate Abilities, Weirdness & Mutations

Your life essence is reduced to manifest your ancestor. (-10% HP)
You are immune to sickness and miasma.
You are immune to poison.
Your flesh is very heat resistant. (rF++)
You are vulnerable to cold. (rC-)
You float through the air rather than walking.
You learn spells naturally, not from books.
Your magical power is your life essence.
You have superior vitality. (+4 MHP)


Message History

Okay, then.
You swap places.
Casting: Foxfire (safe; 1% risk of failure)
Press: ? - help, Q - select action, (/) - cycle Dir - look around, f - activate You conjure some foxfire!
* * * LOW HITPOINT WARNING * * *
Casting: Foxfire (safe; 1% risk of failure)
Press: ? - help, Q - select action, (/) - cycle Dir - look around, f - activate You conjure some foxfire!
* * * LOW HITPOINT WARNING * * *
A centaur comes into view.
The cyclops throws a large rock.
The large rock hits Tiberius!
Casting: Foxfire (safe; 1% risk of failure)
Confirm with . or Enter, or press ? or * to list all spells.
Aiming: Inner Flame (safe; 1% risk of failure)
Press: ? - help, Dir - move target, f - cyclops
Aim: a cyclops, quivering large rocks (ally target, chance to affect: 87%)
The cyclops is filled with an intense inner flame!
* * * LOW HITPOINT WARNING * * *
The foxfire hits the cyclops but does no damage.
Casting: Inner Flame (safe; 1% risk of failure)
Confirm with . or Enter, or press ? or * to list all spells.
Aiming: Inner Flame (safe; 1% risk of failure)
Press: ? - help, Dir - move target, f - centaur, p - cyclops
Aim: a centaur, quivering arrows (chance to affect: 95%)
The centaur is filled with an inner flame.
* * * LOW HITPOINT WARNING * * *
Your foxfire dissipates!
The foxfire hits the centaur but does no damage.
The foxfire hits the centaur.
Flame seeps out of the centaur.
The centaur is lightly wounded.
The centaur is engulfed in blazing flames.
Flame seeps out of the centaur.
The centaur wields a +0 shortbow.
The centaur shoots an arrow.
The arrow hits Tiberius.
The cyclops throws a large rock.
The large rock closely misses Tiberius.
The large rock closely misses you.
The centaur is engulfed in blazing flames.
Flame seeps out of the centaur.
The centaur shoots an arrow.
The arrow closely misses Tiberius.
The arrow hits you!
You die...

#................#
###.###.....###.#..#
#..................#
#...............#..#
#...............# .#
#...............#
##..............##.
#.........§§.......
#.........@.§##+###
#.......####§§....#
#.......# .R§...#
##......... ..§...#
####+#....#.#..c..
#....#.#..C.#
.......# ...#
......## ...#


You could see the friendly Tiberius the ancestor, a cyclops (inner flame, ally
target) and a centaur (inner flame).

Vanquished Creatures
  Pikel (D:4)
  A shadow (D:5)
  A yak (D:7)
  Eustachio (D:5)
  2 hogs (D:7)
  4 vampire mosquitoes (D:6)
  An ice beast (D:5)
  A sky beast (D:6)
  2 ogres
  An orc warrior (D:9)
  A black bear (D:6)
  A necrophage (D:5)
  A lemure (D:4)
  A centaur (D:7)
  2 bullfrogs
  6 scorpions
  A wyvern skeleton (D:7)
  2 water moccasin skeletons
  5 wights (D:6)
  2 howler monkeys
  3 hounds
  A jelly (D:7)
  7 orc priests
  2 centaur skeletons (D:7)
  A bullfrog skeleton (D:6)
  2 iguanas
  An orc wizard (D:4)
  A hound zombie (D:5)
  A howler monkey zombie (D:6)
  10 adders
  A gnoll (D:1)
  A shadow imp (D:5)
  A white imp (D:5)
  2 ufetubi
  3 worms (D:2)
  2 dart slugs (D:1)
  23 orcs
  3 ball pythons
  13 endoplasms
  3 giant cockroaches
  5 goblins
  8 hobgoblins
  8 jackals
  A quokka (D:1)
  2 bats
  3 frilled lizards
  11 kobolds
  3 rats
159 creatures vanquished.

Vanquished Creatures (collateral kills)
  A human (D:7)
  A hog (D:7)
  3 foxfires (D:1)
5 creatures vanquished.

Vanquished Creatures (others)
  662 foxfires
  A fungus (D:5)
  2 plants
665 creatures vanquished.

Grand Total: 829 creatures vanquished

Notes
Turn   | Place    | Note
-------+----------+-------------------------------------------
     0 | D:1      | 101zpm the Djinni Fire Elementalist began the quest for the
                  | Orb.
     0 | D:1      | Reached XP level 1. HP: 15/15 MP: 0/0
   294 | D:1      | Reached XP level 2. HP: 12/21 MP: 0/0
   687 | D:1      | Found a faded altar of an unknown god.
   701 | D:1      | Reached skill level 3 in Spellcasting
   836 | D:1      | Reached XP level 3. HP: 21/25 MP: 0/0
   836 | D:1      | Learned a level 1 spell: Beastly Appendage
  2198 | D:1      | Reached XP level 4. HP: 29/31 MP: 0/0
  3415 | D:2      | Reached XP level 5. HP: 31/35 MP: 0/0
  3415 | D:2      | Learned a level 2 spell: Passwall
  3548 | D:2      | Reached skill level 4 in Spellcasting
  4345 | D:2      | Found Jiesy's Book Shoppe.
  4859 | D:4      | Noticed a lemure
  4861 | D:4      | Noticed Pikel
  4869 | D:4      | Killed a lemure
  4869 | D:4      | Killed Pikel
  4870 | D:4      | Reached skill level 6 in Spellcasting
  4870 | D:4      | Reached XP level 6. HP: 10/40 MP: 0/0
  4870 | D:4      | Reached XP level 7. HP: 12/45 MP: 0/0
  4870 | D:4      | Learned a level 3 spell: Lesser Beckoning
  5184 | D:5      | Entered Level 5 of the Dungeon
  5184 | D:5      | Noticed a shadow
  5444 | D:4      | Reached XP level 8. HP: 43/50 MP: 0/0
  5642 | D:4      | Found a staircase to the Ecumenical Temple.
  5649 | Temple   | Entered the Ecumenical Temple
  5922 | Temple   | Became a worshipper of Hepliaklqana the Forgotten
  5977 | D:5      | Reached skill level 7 in Spellcasting
  6669 | D:4      | Found a sacrificial altar of Ru.
  7761 | D:3      | Found an ornate altar of the Wu Jian Council.
  8180 | D:3      | Found an iron altar of Okawaru.
  8508 | D:5      | Reached skill level 8 in Spellcasting
  8508 | D:5      | Reached XP level 9. HP: 39/55 MP: 0/0
  8508 | D:5      | Learned a level 4 spell: Animate Armour
  9650 | D:5      | Noticed Eustachio
  9676 | D:5      | Killed Eustachio
  9677 | D:5      | Reached skill level 9 in Spellcasting
 10003 | D:5      | Found a runed translucent door.
 10004 | D:5      | Noticed Crazy Yiuf
 10171 | D:6      | Reached skill level 1 in Fighting
 10749 | D:6      | Found a hide-covered altar of Uskayaw.
 10769 | D:6      | Reached skill level 1 in Armour
 10780 | D:6      | Reached XP level 10. HP: 23/62 MP: 0/0
 11048 | D:6      | Reached skill level 10 in Spellcasting
 11308 | D:6      | Reached * piety under Hepliaklqana
 11311 | D:6      | Identified the +7 trident of Mayhem {vorpal, rC+ Will+}
 12088 | D:7      | Reached skill level 11 in Spellcasting
 13289 | D:8      | Noticed a cyclops
 13294 | D:8      | Shot with an arrow by a centaur

Illustrated notes

Levels and vault maps discovered:
D:1:      scummos_arrival_simple_fountains, layout_basic,
          basic_ecumenical_altar, serial_bayou_pond_d, feat_on_display
D:2:      layout_basic, serial_shops, nicolae_shop_crystal
D:3:      layout_loops_ring, marbit_many_paths, nzn_wu_jian_contemplation
D:4:      minmay_angry_zag, layout_loops_ring, nicolae_ru_the_path_less_chosen,
          minmay_temple_entry_nine_rooms, uniq_pikel
D:5:      layout_loops_ring, uniq_eustachio, uniq_crazy_yiuf_cottage
D:6:      layout_rooms, kennysheep_mini_moat, mainiacjoe_overflow_alcove_1,
          serial_rivers, chequers_serial_rivers_room_a,
          chequers_serial_rivers_room_b, chequers_serial_rivers_large_b,
          chequers_serial_rivers_small_3, chequers_serial_rivers_micro_d,
          chequers_serial_rivers_marsh
D:7:      layout_loops_ring, chequers_mini_garden, grunt_livestock,
          minmay_misc_feat_enclosed, serial_bayou_pond_a
D:8:      nzn_winding_woodlands_stair_cross
          [nzn_winding_woodlands_5x15_pathside_ponds,
          nzn_winding_woodlands_center_pierced_h,
          nzn_winding_woodlands_5x15_zeroes, nzn_winding_woodlands_5x5_three,
          nzn_winding_woodlands_5x5_default, nzn_winding_woodlands_5x15_default,
          nzn_winding_woodlands_center_triple_pond,
          nzn_winding_woodlands_5x15_default], layout_basic,
          mainiacjoe_overflow_small_starburst, nemelex_diamond_rough_becter,
          serial_shops, nicolae_shop_hallway_stairs, nicolae_lakefront_shop,
          shop, uniq_psyche
D:9:      layout_rooms, lair_entry_dummy, serial_curves, eino_curves_03,
          eino_curves_01, serial_shops, shop
Temple:   nicolae_temple_figure_eight

Skill      XL: |  1  2  3  4  5  6  7  8  9 10 |
---------------+-------------------------------+-----
Spellcasting   | 3 6 8 9 11 | 11.1
Stealth        | 2 3 |  3.4
Fighting       | 1 |  1.2
Armour         | 1 2 |  2.0
Dodging        | |  2.4

Action                   |  1- 3 |  4- 6 |  7- 9 | 10-12 || total
-------------------------+-------+-------+-------+-------++-------
 Cast: Foxfire           |   113 |   110 |   138 |    84 ||   445
       Scorch            |     1 |    17 |    51 |    13 ||    82
       Inner Flame       |       |     7 |    66 |    27 ||   100
       Conjure Flame     |       |     2 |       |       ||     2
       Animate Armour    |       |       |     1 |       ||     1
  Use: Scroll            |       |       |     4 |       ||     4
Armor: Robe              |       |     2 |     4 |       ||     6
       Leather armour    |       |       |       |     4 ||     4
Dodge: Dodged            |     3 |     4 |    11 |     3 ||    21
